 Dungeon Crawl Stone Soup version 0.30-a0-857-gcaf70739d4 (webtiles) character file.

Game seed: 13466589182780790685

55549 Esekla the Thaumaturge (level 14, -5/97 HPs)
             Began as an Octopode Delver on Mar 6, 2023.
             Was an Initiate of Gozag.
             Shot with a bolt by an orc knight (15 damage)
             ... on level 2 of the Orcish Mines.
             The game lasted 02:56:43 (24964 turns).

Esekla the Thaumaturge (Octopode Delver)           Turns: 24964, Time: 02:56:44

Health: -5/97      AC:  9    Str: 32    XL:     14   Next: 77%
Magic:  22/30      EV: 16    Int: 26    God:    Gozag
Gold:   924        SH:  7    Dex: 14    Spells: 13/37 levels left

rFire   + . .      SeeInvis +    a - +12 falchion "Xedoedgh" {flame, SInv}
rCold   + + .      Faith    .    J - +2 buckler
rNeg    . . .      Spirit   .    (helmet restricted)
rPois   +          Reflect  .    F - amulet of regeneration
rElec   +          Rampage  .    h - +6 ring of strength
rCorr   .                        q - ring of Ecwir {rPois rC+ Str+3 Int+7}
Will    +....                    O - ring of protection from cold
Stlth   +++++                    s - +6 ring of strength
HPRegen 1.16/turn                Q - ring of the Scavenger {Contam rElec rF+ Int+2 Slay+4}
MPRegen 0.22/turn                H - +4 ring of protection
                                 G - +4 ring of protection
                                 T - +6 ring of strength

@: gold aura
A: almost no armour, amphibious, 8 rings, camouflage 1, gelatinous body 1,
(nimble swimmer 1), tentacles
a: Renounce Religion, Potion Petition, Call Merchant, Bribe Branch


You were on level 2 of the Orcish Mines.
You worshipped Gozag.
Gozag was pleased with you.
You visited 4 branches of the dungeon, and saw 20 of its levels.
You also visited: Volcano.

You collected 6874 gold pieces.
You spent 3850 gold pieces at shops.
You paid 2100 gold pieces to Gozag.

Inventory:

Hand Weapons
 a - the +12 falchion "Xedoedgh" (weapon) {flame, SInv}
   (You bought it in a shop on level 11 of the Dungeon)

   SInv:      It lets you see invisible.
 e - a +1 dagger of electrocution
 r - a +3 trident of venom
 v - a +2 dagger of venom
 w - a +4 scimitar of holy wrath
 x - a +2 vampiric scimitar
Missiles
 t - 11 javelins
 S - 31 poisoned darts (quivered)
 Z - 3 boomerangs
Armour
 J - a +2 buckler (worn)
Jewellery
 h - a +6 ring of strength (left tentacle)
 q - the ring of Ecwir (right tentacle) {rPois rC+ Str+3 Int+7}
   (You bought it in a shop on level 11 of the Dungeon)

   [ring of poison resistance]

   Str:       It affects your strength (+3).
   Int:       It affects your intelligence (+7).
   rC:        It protects you from cold.
   rPois:     It protects you from poison.
 s - a +6 ring of strength (on tentacle)
 y - a ring of ice
 F - an amulet of regeneration (around mantle)
 G - a +4 ring of protection (on tentacle)
 H - a +4 ring of protection (on tentacle)
 O - a ring of protection from cold (on tentacle)
 Q - the ring of the Scavenger (on tentacle) {Contam rElec rF+ Int+2 Slay+4}
   (You bought it in a shop on level 5 of the Dungeon)

   [ring of slaying]

   Int:       It affects your intelligence (+2).
   Slay:      It affects your accuracy & damage with ranged weapons and melee
   (+4).
   rF:        It protects you from fire.
   rElec:     It insulates you from electricity.
   Contam:    It causes magical contamination when unequipped.
 T - a +6 ring of strength (on tentacle)
 U - a ring of fire
 W - an amulet of reflection
Wands
 f - a wand of digging (2)
 g - a wand of acid (10)
 M - a wand of flame (56)
 X - a wand of mindburst (8)
Scrolls
 b - 3 scrolls of fog
 d - 2 scrolls of amnesia {unknown}
 i - a scroll of summoning {unknown}
 k - 5 scrolls of teleportation
 l - 4 scrolls of blinking
 p - a scroll of brand weapon {unknown}
 u - 4 scrolls of enchant armour
 I - a scroll of torment {unknown}
 K - 2 scrolls of poison
 N - 4 scrolls of enchant weapon
 P - 2 scrolls of magic mapping
Potions
 c - 3 potions of cancellation
 j - 2 potions of brilliance
 m - 4 potions of flight
 n - a potion of mutation
 o - 3 potions of might
 z - 3 potions of heal wounds
 A - 4 potions of lignification
 B - 6 potions of haste
 C - 6 potions of curing
 D - a potion of attraction
 E - a potion of ambrosia {unknown}
 L - 3 potions of resistance
 V - 4 potions of invisibility
 Y - 2 potions of magic {unknown}
Miscellaneous
 R - a lightning rod (4/4)


   Skills:
 * Level 9.2 Fighting
 + Level 2.5(6.4) Short Blades
 * Level 9.4(9.5) Long Blades
 + Level 0.2 Polearms
 + Level 3.2 Throwing
 * Level 8.9 Dodging
 - Level 9.2 Stealth
 + Level 4.1 Shields
 * Level 12.1 Spellcasting
 * Level 3.3 Conjurations
 * Level 1.1 Summonings
 + Level 6.5 Necromancy
 + Level 5.1 Translocations
 * Level 4.4 Transmutations
 + Level 8.1 Ice Magic
 * Level 1.4 Air Magic
 * Level 5.4 Earth Magic
 + Level 0.8 Evocations


You had 13 spell levels left.
You knew the following spells:

 Your Spells              Type           Power      Damage    Failure   Level
a - Ozocubu's Armour      Ice            55%        N/A       1%          3
b - Blink                 Tloc           84%        N/A       1%          2
i - Irradiate             Conj/Tmut      17%        3d17      26%         5
p - Apportation           Tloc           84%        N/A       1%          1
r - Frozen Ramparts       Ice            100%       1d16      1%          3
s - Summon Lightning Spi  Summ/Air       22%        N/A       28%         4
u - Dispel Undead         Necr           49%        3d18      3%          4
w - Wereblood             Tmut           38%        N/A       1%          2

Your spell library contained the following spells:

 Spells                   Type           Power      Damage    Failure   Level
 Beastly Appendage        Tmut           76%        N/A       1%          1
 Freeze                   Ice            100%       1d10      1%          1
 Necrotise                Necr           100%       1d9       1%          1
 Lesser Beckoning         Tloc           84%        N/A       1%          2
 Momentum Strike          Conj/Tloc      74%        3d10      1%          2
 Passwall                 Tmut/Erth      34%        N/A       1%          2
 Hailstorm                Conj/Ice       45%        3d10      1%          3
 Cigotuvi's Dreadful Rot  Necr/Pois/Air  58%        N/A       2%          2
 Summon Small Mammal      Summ           84%        N/A       3%          1
 Ice Form                 Ice/Tmut       48%        N/A       3%          4
 Portal Projectile        Hex/Tloc       58%        N/A       4%          3
 Spider Form              Tmut/Pois      27%        N/A       6%          3
 Petrify                  Tmut/Erth      41%        N/A       6%          4
 Dazzling Flash           Conj/Hex       48%        N/A       7%          3
 Summon Ice Beast         Ice/Summ       39%        N/A       7%          4
 Iskenderun's Mystic Bla  Conj/Tloc      37%        2d9       9%          4
 Tukima's Dance           Hex            15%        N/A       14%         3
 Blade Hands              Tmut           19%        N/A       22%         5
 Metabolic Englaciation   Hex/Ice        18%        N/A       24%         5
 Summon Forest            Summ/Tloc      16%        N/A       34%         5
 Death Channel            Necr           24%        N/A       45%         6
 Alistair's Intoxication  Tmut/Pois      18%        N/A       47%         5
 Yara's Violent Unravell  Hex/Tmut       13%        3d7       47%         5
 Statue Form              Tmut/Erth      27%        N/A       67%         6
 Summon Mana Viper        Hex/Summ       18%        N/A       71%         5
 Starburst                Conj/Fire      12%        6d5       98%         6
 Summon Cactus Giant      Summ           10%        N/A       99%         6
 Dragon Form              Tmut           19%        N/A       100%        7
 Enfeeble                 Hex            7%         N/A       100%        7
 Monstrous Menagerie      Summ           10%        N/A       100%        7
 Storm Form               Tmut/Air       15%        N/A       100%        7
 Lehudib's Crystal Spear  Conj/Erth      19%        10d6      100%        8
 Maxwell's Capacitive Co  Air            11%        ∞         100%        8
 Simulacrum               Ice/Necr       Unusable   N/A       N/A         6

Dungeon Overview and Level Annotations

Branches:
Dungeon (12/15)            Temple (1/1) D:5            Lair (5/5) D:8
 Shoals (0/4) Lair:2       Spider (0/4) Lair:3        Slime (0/5) Lair:5
    Orc (2/2) D:12            Elf (0/3) Orc:2       Volcano (visited)

Altars:
Ashenzari
Cheibriados
Dithmenos
Fedhas
Gozag
Hepliaklqana
Okawaru
Qazlal
Ru
Sif Muna
Trog
Wu Jian
Zin
The Shining One
Jiyva

Shops:
D:5 *   D:10 *   D:11 =:(


Innate Abilities, Weirdness & Mutations

You cannot wear most types of armour.
You are amphibious.
You can wear up to eight rings at the same time.
Your skin changes colour to match your surroundings (Stealth+).
Your rubbery body absorbs attacks. (AC +1, EV +1)
((You are camouflaged when in or above water. (Stealth+)))
You have tentacles for arms and can constrict up to eight enemies at once.


Message History

The orc knight is heavily wounded.
The orc knight is distracted by your dazzling golden aura.
The orc knight shoots a bolt.
The bolt hits you!
The orc knight shouts!
Throw: 33 darts (poison)
Press: ? - help, Q - select action, (/) - cycle Shift-Dir - straight line, f/p - orc knight
Aim: an orc knight, wielding a +0 arbalest (strong, 60% to hit)
You throw a poisoned dart.
The poisoned dart misses the orc knight.
The poisoned dart hits the orc warrior.
You hear a shout! x2
Your lightning spire shoots out a bolt of lightning at the orc knight!
The bolt of electricity misses the orc knight.
The orc warrior is distracted by your dazzling golden aura.
The orc knight shoots a bolt.
The bolt hits you but does no damage.
Throw: 32 darts (poison)
Press: ? - help, Q - select action, (/) - cycle Shift-Dir - straight line, f/p - orc knight
Aim: an orc knight, wielding a +0 arbalest (strong, 60% to hit)
You throw a poisoned dart.
The poisoned dart barely misses the orc knight.
The poisoned dart barely misses the orc knight.
Your surroundings suddenly seem different.
Your icy armour cracks and falls away as you move.
An orc knight and 2 orc warriors come into view.
An orc warrior is wielding a +2 scimitar of protection.
The orc warrior throws a boomerang.
The boomerang closely misses you.
The orc knight shoots a bolt.
The bolt hits you!!
* * * LOW HITPOINT WARNING * * *
You hear a shout!
As you read the scroll of fog, it crumbles to dust.
The scroll dissolves into smoke.
You hear a shout!
The orc knight is no longer distracted by gold.
The orc knight shoots a bolt.
The bolt hits you!!
* * * LOW HITPOINT WARNING * * *
The orc knight shoots a bolt.
You block the bolt.
The orc warrior is distracted by your dazzling golden aura.
The orc knight shoots a bolt.
The bolt hits you!
You die...
Your body crumbles into a pile of gold. #..#.....≈≈≈≈### #≈≈≈≈ #..$$(o(oo..o.. .oooo

#.8.$oo.oo..oo.
#..#.....≈≈≈≈## ##≈≈≈≈
#..#.....(≈≈≈≈### ###≈≈≈≈.
#...........≈≈≈≈## ##≈≈≈≈..c
#..#..$.......≈≈≈# #≈≈≈.....
#..##....(§§§..≈≈# #≈≈......
#...##..##§@##...###^..##..#
##........§§§...............
##........§§...............
######################...#
##.###.## #...#### ###.## #
##....##### #..........


You could see 4 orc knights, 5 orc warriors and an orc (strong).

Vanquished Creatures
  Harold (Orc:1)
  A centaur warrior (Orc:2)
  A hydra (Lair:3)
  A catoblepas (Lair:1)
  Erica (Orc:1)
  6 two-headed ogres
  A boulder beetle (Lair:4)
  2 death yaks (Lair:4)
  An orc high priest (Orc:2)
  2 skysharks (Lair:5)
  Nergalle (Lair:1)
  3 skeletal warriors
  Lodul (D:12)
  A deep troll (Lair:2)
  2 goliath frogs (Lair:5)
  An orb spider (Lair:3)
  3 orc knights
  2 lindwurms
  A deep elf pyromancer (D:11)
  4 salamanders (Volcano)
  Maurice (Orc:1)
  3 black mambas
  12 elephants
  17 cane toads
  2 gargoyles
  A kobold demonologist (D:12)
  10 komodo dragons
  3 rime drakes
  4 trolls
  2 hornets (D:9)
  A polar bear (Lair:1)
  2 tyrant leeches (Lair:5)
  15 blink frogs
  4 wyverns
  A vampire (D:12)
  39 yaks
  3 basilisks
  Grum (D:8)
  9 vampire mosquitoes
  2 steam dragons
  4 wargs
  3 acid dragons
  3 hell hounds (Volcano)
  10 water moccasins
  3 black bears
  2 sky beasts
  15 orc warriors
  An ice beast (D:5)
  2 wolves (D:8)
  6 centaurs
  13 ogres
  2 phantoms
  2 kobold brigands
  14 bullfrogs
  2 gnoll sergeants
  4 scorpions (D:5)
  8 killer bees
  2 electric eels (Lair:1)
  8 orc priests
  2 hounds
  3 jellies
  4 sleepcaps
  Crazy Yiuf (D:2)
  4 iguanas
  18 orc wizards
  6 hell rats (Lair:4)
  7 adders
  8 gnolls
  A white imp (D:6)
  3 ufetubi
  A worm (D:2)
  5 dart slugs
  51 orcs
  8 ball pythons
  7 endoplasms
  5 giant cockroaches
  2 goblins
  10 hobgoblins
  3 jackals (D:3)
  3 quokkas
  6 bats
  4 frilled lizards
  19 kobolds
  7 rats
460 creatures vanquished.

Vanquished Creatures (collateral kills)
  2 wargs (Orc:2)
  2 orc warriors (Orc:2)
  A centaur (Orc:2)
  2 orcs (Orc:2)
7 creatures vanquished.

Vanquished Creatures (others)
  A gnoll (D:7)
  55 fungi
  86 plants
142 creatures vanquished.

Grand Total: 609 creatures vanquished

Notes
Turn   | Place    | Note
-------+----------+-------------------------------------------
     0 | D:5      | Esekla the Octopode Delver began the quest for the Orb.
     0 | D:5      | Reached XP level 1. HP: 16/16 MP: 1/1
    71 | D:5      | Noticed an orc wizard
    71 | D:5      | Noticed an orc wizard
    71 | D:5      | Noticed a sleepcap
   129 | D:5      | Noticed a phantom
   131 | D:5      | Found Gaitowk's General Store.
   165 | D:5      | Found a staircase to the Ecumenical Temple.
   187 | D:5      | Noticed a black bear
   189 | Temple   | Entered the Ecumenical Temple
   197 | Temple   | Noticed an electric eel
   198 | Temple   | Noticed an electric eel
   198 | Temple   | Noticed an electric eel
   424 | D:5      | Noticed a scorpion
   427 | D:5      | Noticed an iguana
   428 | D:5      | Noticed a scorpion
   466 | D:5      | Found a sacrificial altar of Ru.
   481 | D:5      | Noticed a scorpion
   570 | D:5      | Noticed a sleepcap
   617 | Temple   | Became a worshipper of Gozag Ym Sagoz the Greedy
   697 | D:4      | Noticed a bullfrog
   885 | D:1      | Reached XP level 2. HP: 21/21 MP: 2/2
  1233 | D:1      | Learned a level 2 spell: Blink
  1234 | D:1      | Reached XP level 3. HP: 26/26 MP: 3/3
  1764 | D:2      | Reached XP level 4. HP: 31/31 MP: 5/5
  1937 | D:2      | Reached skill level 1 in Spellcasting
  1994 | D:1      | Learned a level 1 spell: Apportation
  2423 | D:2      | Found a runed translucent door.
  2424 | D:2      | Noticed Crazy Yiuf
  2965 | D:3      | Reached XP level 5. HP: 36/36 MP: 6/6
  3289 | D:4      | Reached skill level 1 in Ice Magic
  3325 | D:4      | Noticed a sky beast
  3430 | D:5      | Reached skill level 1 in Translocations
  3430 | D:5      | Reached XP level 6. HP: 42/42 MP: 6/8
  3571 | D:5      | Bought a potion of degeneration for 15 gold pieces
  3588 | D:5      | Reached XP level 7. HP: 26/47 MP: 9/9
  3942 | D:3      | Learned a level 3 spell: Frozen Ramparts
  4168 | D:4      | Learned a level 3 spell: Ozocubu's Armour
  4329 | D:4      | Reached skill level 2 in Spellcasting
  4577 | D:5      | Reached skill level 1 in Throwing
  4623 | D:4      | Reached XP level 8. HP: 50/54 MP: 9/11
  5089 | D:2      | Killed Crazy Yiuf
  5170 | D:6      | Reached skill level 5 in Long Blades
  5198 | D:5      | Reached skill level 3 in Spellcasting
  5964 | D:6      | Found a broken altar of Ashenzari.
  5965 | D:6      | Found a snail-covered altar of Cheibriados.
  5989 | D:6      | Found a bloodstained altar of Trog.
  6361 | D:7      | Noticed a yak
  6377 | D:7      | Reached skill level 4 in Spellcasting
  6377 | D:7      | Reached XP level 9. HP: 59/59 MP: 13/15
  6412 | D:7      | Reached skill level 1 in Necromancy
  6427 | D:7      | Reached skill level 5 in Fighting
  6886 | D:7      | Reached skill level 5 in Spellcasting
  7196 | D:7      | Reached skill level 1 in Shields
  7824 | D:8      | Found a staircase to the Lair.
  8631 | D:9      | Found a shimmering blue altar of Sif Muna.
  8632 | D:9      | Noticed a two-headed ogre
  8641 | D:9      | Killed a two-headed ogre
  8642 | D:9      | Reached skill level 1 in Short Blades
  8642 | D:9      | Reached skill level 5 in Dodging
  8642 | D:9      | Reached XP level 10. HP: 53/68 MP: 10/18
  8960 | D:9      | Reached skill level 5 in Ice Magic
  9222 | D:9      | Found an iron altar of Okawaru.
  9232 | D:9      | Reached skill level 6 in Spellcasting
  9399 | D:5      | Bought the ring of the Scavenger {Contam rElec rF+ Int+2
                  | Slay+4} for 1464 gold pieces
  9894 | D:8      | Learned a level 4 spell: Dispel Undead
 10132 | D:8      | Noticed Grum
 10140 | D:8      | Killed Grum
 10207 | Lair:1   | Entered Level 1 of the Lair of Beasts
 10226 | Lair:1   | Reached skill level 7 in Spellcasting
 10280 | Lair:1   | Noticed a catoblepas
 10293 | Lair:1   | Noticed an elephant
 10293 | Lair:1   | Noticed an elephant
 10294 | Lair:1   | Noticed an elephant
 10315 | Lair:1   | Killed an elephant
 10320 | Lair:1   | Noticed an elephant
 10327 | Lair:1   | Killed an elephant
 10328 | Lair:1   | Reached XP level 11. HP: 66/74 MP: 14/21
 10577 | Lair:1   | Killed a catoblepas
 10668 | Lair:1   | Noticed Nergalle
 11274 | Lair:2   | Reached skill level 8 in Spellcasting
 11364 | Lair:2   | Found a dark tunnel.
 11377 | Volcano  | Entered a volcano
 11551 | Volcano  | Noticed a salamander
 11552 | Volcano  | Noticed a two-headed ogre
 11557 | Volcano  | Killed a salamander
 11566 | Volcano  | Killed a two-headed ogre
 11606 | Volcano  | Noticed a salamander
 11606 | Volcano  | Noticed a salamander
 11606 | Volcano  | Noticed a salamander
 11728 | Volcano  | Killed a salamander
 11884 | Volcano  | Killed a salamander
 11885 | Volcano  | Reached XP level 12. HP: 79/81 MP: 18/24
 12251 | Lair:2   | Found a staircase to the Shoals.
 12706 | Lair:2   | Reached skill level 5 in Necromancy
 13035 | Lair:1   | Killed Nergalle
 13036 | Lair:1   | Reached skill level 9 in Spellcasting
 13392 | D:9      | Noticed an angel
 13393 | D:9      | Found a glowing silver altar of Zin.
 13443 | D:10     | Entered Level 10 of the Dungeon
 13672 | D:10     | Noticed a two-headed ogre
 13676 | D:10     | Killed a two-headed ogre
 13737 | D:10     | Found Xunor's Gadget Gallery.
 14006 | D:10     | Noticed a two-headed ogre
 14038 | D:10     | Killed a two-headed ogre
 14192 | D:10     | Found an ornate altar of the Wu Jian Council.
 14428 | D:10     | Reached skill level 1 in Earth Magic
 15417 | D:11     | Reached skill level 1 in Transmutations
 15956 | D:11     | Reached skill level 10 in Spellcasting
 16115 | D:11     | Noticed a two-headed ogre
 16122 | D:11     | Killed a two-headed ogre
 16143 | D:11     | Reached XP level 13. HP: 65/88 MP: 16/27
 16333 | D:12     | Noticed Lodul
 16388 | D:12     | Found a bloodstained altar of Trog.
 16553 | D:12     | Found a staircase to the Orcish Mines.
 16579 | D:12     | Killed Lodul
 18083 | Lair:3   | Found a hole to the Spider Nest.
 18809 | Lair:4   | Learned a level 2 spell: Wereblood
 19495 | Lair:4   | Reached skill level 1 in Conjurations
 19548 | Lair:4   | Reached skill level 11 in Spellcasting
 20243 | D:11     | Bought a fine falchion for 192 gold pieces
 20243 | D:11     | Identified the +12 falchion "Xedoedgh" {flame, SInv} (You
                  | bought it in a shop on level 11 of the Dungeon)
 20254 | D:11     | Bought a runed scimitar for 168 gold pieces
 20254 | D:11     | Bought a runed scimitar for 168 gold pieces
 20308 | Orc:1    | Entered Level 1 of the Orcish Mines
 20559 | Orc:1    | Noticed Maurice
 20567 | Orc:1    | Killed Maurice
 20882 | Orc:1    | Noticed Erica
 20901 | Orc:1    | Killed Erica
 20902 | Orc:1    | Reached XP level 14. HP: 87/95 MP: 23/29
 21065 | D:11     | Bought the ring of Ecwir {rPois rC+ Str+3 Int+7} for 715
                  | gold pieces
 21080 | D:11     | Learned a level 5 spell: Irradiate
 21225 | Lair:5   | Entered Level 5 of the Lair of Beasts
 21941 | D:11     | Bought a +4 ring of protection for 468 gold pieces
 22226 | Lair:5   | Reached skill level 5 in Translocations
 22665 | Lair:5   | Reached skill level 5 in Earth Magic
 22829 | Lair:5   | Found a staircase to the Slime Pits.
 22830 | Lair:5   | Found a viscous altar of Jiyva.
 23090 | Lair:5   | Got the Octavo of the Owl
 23747 | D:11     | Bought a book of the Sky for 660 gold pieces
 23752 | D:11     | Learned a level 4 spell: Summon Lightning Spire
 23956 | Orc:2    | Entered Level 2 of the Orcish Mines
 24130 | Orc:2    | Reached skill level 1 in Air Magic
 24171 | Orc:1    | Noticed Harold
 24299 | Orc:2    | Found a staircase to the Elven Halls.
 24346 | Orc:2    | Reached skill level 12 in Spellcasting
 24705 | Orc:1    | Killed Harold
 24910 | Orc:2    | Reached skill level 1 in Summonings
 24964 | Orc:2    | Shot with a bolt by an orc knight

Illustrated notes

Levels and vault maps discovered:
D:1:      dpeg_arrival_tiny_b, layout_basic
D:2:      layout_basic, uniq_crazy_yiuf_cottage
D:3:      layout_rooms, st_stairs_13, kennysheep_generic_room_8
D:4:      layout_loops_cross
D:5:      layout_cave_pools, hangedman_ru_absence,
          minmay_temple_entry_statues_fountains, serial_shops,
          nicolae_shop_behind_doors, dk_noncrumbling_4
D:6:      layout_rooms, chequers_temple_overflow_statue_of_worship
D:7:      layout_basic
D:8:      layout_basic, erik_lair_orcish_takeover, uniq_grum
D:9:      layout_loops_ring, mainiacjoe_overflow_paths,
          mainiacjoe_overflow_cross_hatched, zin_angel
D:10:     nicolae_hitomezashi [nicolae_hito_row, nicolae_hito_row,
          nicolae_hito_row, nicolae_hito_row, nicolae_hito_row,
          nicolae_hito_row, nicolae_hito_row, nicolae_hito_row,
          nicolae_hito_row, nicolae_hito_row, nicolae_hito_row,
          nicolae_hito_row, nicolae_hito_row, nicolae_hito_row,
          nicolae_hito_row, nicolae_hito_row, nicolae_hito_row,
          nicolae_hito_row], layout_gridville, mainiacjoe_overflow_brackets,
          nicolae_shop_gadgets
D:11:     layout_roguey, evilmike_butchery
D:12:     layout_loops_ring, drop_trap, trog_three_pillars_becter, uniq_lodul
Temple:   compressed_dpeg_circular_temple
Lair:1:   layout_gridlike, uniq_nergalle
Lair:2:   dreamdust_cave_troll, layout_regular_city, shoals_dummy_entry,
          lightli_volcano_entry_magma_tube, grunt_megastairs_4,
          infiniplex_staircase_pool_2
Lair:3:   layout_cave_pods, nicolae_spider_entry_orb_guardian
Lair:4:   layout_cave_pods, dreamdust_mushroom_princess,
          chequers_serial_rivers_micro_a, beast_lair_carwin_3,
          lemuel_fruit_tree, lemuel_fruit_fields, grunt_megastairs_2
Lair:5:   minmay_lair_end_frog_pond, layout_layer_cave, slime_entry_1
Orc:1:    layout_caves, uniq_harold, uniq_erica, uniq_maurice
Orc:2:    st_orc_rangers, layout_caves, statue_in_the_mist_lemuel

Skill      XL: |  1  2  3  4  5  6  7  8  9 10 11 12 13 14 |
---------------+-------------------------------------------+-----
Stealth        | 7 8 9 |  9.2
Spellcasting   | 1 2 4 5 7 8 10 11 12 | 12.1
Long Blades    | 3 4 5 6 7 8 9 |  9.4
Ice Magic      | 1 2 3 4 5 6 7 8 |  8.1
Translocations | 1 2 3 4 5 |  5.1
Dodging        | 3 4 5 6 7 8 |  8.9
Fighting       | 4 6 7 8 9 |  9.2
Throwing       | 1 2 3 |  3.2
Necromancy     | 2 3 4 5 6 |  6.5
Shields        | 1 3 4 |  4.1
Short Blades   | 1 2 |  2.5
Earth Magic    | 2 4 5 |  5.4
Transmutations | 1 3 4 |  4.4
Conjurations   | 1 3 |  3.3
Air Magic      | 1 |  1.4
Summonings     | 1 |  1.1
Polearms       | |  0.2
Evocations     | |  0.8

Action                     |  1- 3 |  4- 6 |  7- 9 | 10-12 | 13-15 || total
---------------------------+-------+-------+-------+-------+-------++-------
  Melee: Falchion          |    51 |    42 |     4 |   126 |   217 ||   440
         Constrict         |    19 |    21 |    25 |    45 |    56 ||   166
         Tentacles         |    13 |    16 |    40 |    71 |   102 ||   242
         Dagger            |     6 |    15 |    48 |   159 |    96 ||   324
         Long sword        |       |    48 |    98 |       |       ||   146
         Punch             |       |     2 |     4 |     7 |     9 ||    22
         Spear             |       |       |     1 |       |       ||     1
         Trident           |       |       |       |     4 |     1 ||     5
         Demon blade       |       |       |       |       |    37 ||    37
         Scimitar          |       |       |       |       |     8 ||     8
  Throw: Javelin           |       |     5 |       |     1 |    31 ||    37
         Dart              |       |     4 |    37 |    35 |    77 ||   153
         Boomerang         |       |       |     7 |     5 |       ||    12
         Throwing net      |       |       |       |       |     1 ||     1
   Cast: Apportation       |       |     3 |    30 |    61 |    90 ||   184
         Frozen Ramparts   |       |       |    26 |    56 |    71 ||   153
         Ozocubu's Armour  |       |       |    21 |    50 |    60 ||   131
         Blink             |       |       |     5 |     5 |     4 ||    14
         Dispel Undead     |       |       |       |     5 |       ||     5
         Wereblood         |       |       |       |       |    14 ||    14
         Summon Lightning  |       |       |       |       |     4 ||     4
         Irradiate         |       |       |       |       |     3 ||     3
 Invoke: Call Merchant     |       |       |       |       |     3 ||     3
  Evoke: Wand              |       |       |       |     9 |     6 ||    15
    Use: Scroll            |     3 |     1 |     5 |     8 |     8 ||    25
         Potion            |     1 |     2 |     1 |     8 |     1 ||    13
   Stab: Sleeping          |     8 |    11 |    12 |    18 |    17 ||    66
         Distracted        |       |     1 |     1 |       |     3 ||     5
 Armour: Skin              |     4 |    45 |    33 |    90 |    94 ||   266
  Dodge: Dodged            |    29 |    53 |   139 |   173 |   208 ||   602
  Block: Buckler           |       |       |       |    99 |   119 ||   218

Table legend: (Time is in decaauts)
 A = Elapsed time spent in this place.
 B = Non-inter-level travel time spent in this place.
 C = Inter-level travel time spent in this place.
 D = Time resting spent in this place.
 E = Time spent auto-exploring this place.
 F = Levels seen in this place.
 G = Mean time per level.
                   A        B        C        D        E       F      G
               +--------+--------+--------+--------+--------+-----+--------+
         Total |  24847 |  22859 |   1988 |   5321 |   5844 |  21 | 1183.2 |
       Dungeon |  15115 |  13682 |   1433 |   3156 |   3066 |  12 | 1259.6 |
        Temple |    245 |    245 |      0 |    200 |      3 |   1 |  245.0 |
          Lair |   7112 |   6616 |    496 |   1349 |   2363 |   5 | 1422.4 |
  Orcish Mines |   1693 |   1635 |     58 |    383 |    412 |   2 |  846.5 |
       Volcano |    681 |    681 |      0 |    232 |      0 |   1 |  681.0 |
               +--------+--------+--------+--------+--------+-----+--------+

Top non-repeatable levels by time:
  Lair:5: 2013 daAuts
     D:7: 1868 daAuts
    D:11: 1715 daAuts
     D:8: 1703 daAuts
  Lair:4: 1545 daAuts
    D:10: 1502 daAuts
     D:5: 1467 daAuts
  Lair:1: 1358 daAuts
     D:9: 1219 daAuts
  Lair:3: 1138 daAuts
     D:4: 1133 daAuts
     D:2: 1095 daAuts
    D:12: 1080 daAuts
  Lair:2: 1056 daAuts
   Orc:1: 915 daAuts
